AoeStats
← 平民老百姓

Coastal Forest

503433543Analyzed
4v4 RM · 1mo ago on Aug 31, 2026· 10m 8s· 8 players
Game mode
Random Map
Map size
Large (8 player)
Population
200
Speed
Normal
Resources
Standard
Victory
Conquest
Starting age
Dark Age
Ending age
Imperial Age
RankedLock teamsTeams togetherTeam positionsShared explorationLock speedFull tech treeHidden civsTurbo modeCheats
Victory
Defeat
🇹🇷 Magyars · Türkiye
1344
+12
🇹🇷 Bulgarians · Türkiye
1330
+12
🇹🇷 Goths · Türkiye
1193
+18
🇰🇬 Vietnamese · Kyrgyzstan
1117
+22
🇨🇳 Poles · China
1297
-18
🇹🇼 Lithuanians · Taiwan
1255
-16
🇹🇼 Spanish · Taiwan
1228
-15
🇹🇼 Mongols · Taiwan
1206
-14
Minneapolis
10:04 Feudal Age
TastyChips
11:10 Feudal Age
平民老百姓
2:11 Loom
開機中
11:09 Feudal Age
TankMetin
0:26 Loom
11:01 Feudal Age
Yunus
5:50 Loom
8:50 Feudal Age
9:25 Double-Bit Axe
Alper
0:27 Loom
tetikçi
6:13 Loom
9:00 Feudal Age
Connection lost

Rejoining the realm…

Still unreachable

The connection could not be restored.

Session expired

The server has moved on; the page needs a fresh start.